 Dungeon Crawl Stone Soup version 0.25.1-2-g60ff931df9 (webtiles) character file.

Game seed: 12940057120052079439

83 Garessta the Skirmisher (level 4, -3/35 HPs)
             Began as a Demonspawn Fighter on Oct 16, 2020.
             Slain by a gnoll
             ... wielding a +0 halberd
              (7 damage)
             ... on level 2 of the Dungeon.
             The game lasted 00:03:11 (1918 turns).

Garessta the Skirmisher (Demonspawn Fighter)        Turns: 1918, Time: 00:03:12

Health: -3/35      AC: 11    Str: 17    XL:     4   Next: 22%
Magic:  4/4        EV:  7    Int:  9    God:
Gold:   57         SH:  9    Dex: 13    Spells: 3/3 levels left

rFire    . . .     SeeInvis .   a - +0 war axe
rCold    . . .     Gourm    .   c - +0 kite shield
rNeg     . . .     Faith    .   b - +0 scale mail
rPois    .         Spirit   .   (no helmet)
rElec    .         Reflect  .   (no cloak)
rCorr    .         Harm     .   (no gloves)
MR       .....                  k - +0 pair of boots
Stlth    ..........             (no amulet)
HPRegen  0.11/turn              i - ring of attention (curse)
MPRegen  0.09/turn              (no ring)

@: no status effects
A: hooves 1, icy blue scales 2
a: no special abilities


You were on level 2 of the Dungeon.
You were very hungry.

You visited 1 branch of the dungeon, and saw 2 of its levels.

You collected 57 gold pieces.

Inventory:

Hand Weapons
 a - a +0 war axe (weapon)
Missiles
 o - a boomerang (quivered)
Armour
 b - a +0 scale mail (worn)
 c - a +0 kite shield (worn)
 k - a +0 pair of boots (worn)
Jewellery
 i - a cursed ring of attention (left hand)
Wands
 m - a wand of random effects (18)
Scrolls
 e - 2 scrolls of identify
 h - a scroll of teleportation {unknown}
 n - a scroll of remove curse {unknown}
 p - a scroll of fear {unknown}
Potions
 d - a potion of might
 j - a potion of resistance
 l - a potion of heal wounds {unknown}
 q - a potion of mutation {unknown}
Comestibles
 f - 5 rations


   Skills:
 + Level 3.5 Fighting
 + Level 2.5 Axes
 + Level 3.2 Armour
 + Level 3.3 Shields


You had 3 spell levels left.
You didn't know any spells.
Your spell library was empty.

Dungeon Overview and Level Annotations

Branches:
Dungeon (2/15)

Altars:
Elyvilon
Gozag
Nemelex Xobeh
Xom


Innate Abilities, Weirdness & Mutations

You have large cloven feet.
You are mostly covered in icy blue scales. (AC +3)


Message History

You are too injured to fight recklessly!
The gnoll closely misses you.
Okay, then.
Evoke which item? (* to show all) (? for menu, Esc to quit)
Aiming: Random Effects
Press: ? - help, Shift-Dir - straight line, f - gnoll
Aim: a gnoll, wielding a +0 halberd (severely wounded)
The gnoll flickers and vanishes!
Deactivating autopickup; reactivate with Ctrl-A.
Something hits you but does no damage. Something hits you but does no damage.
You closely miss the butterfly. You block something's attack.
The gnoll shouts!
Something hits you but does no damage.
The gnoll hits you from afar with a +0 spear.
* * * LOW HITPOINT WARNING * * *
The gnoll hits you from afar with a +0 spear.
* * * LOW HITPOINT WARNING * * *
Something hits you!
You die...

#....##.......## ########.#
###....#.........####........####
.###...#.........#....###....)..#
.###.#...........#.###....##.#..#
..........................##.#.##
.####.#........g.#.........#.#.#
## #..........................##
######.........................
#...#.........@................
#..............#........(..####
#...##.........##.......#..####
#...###.....b.######.......##..
#...# ##......#####...###..##..
###...#######..........####..##..
.####........#.........# #...##..
.# ########(..........###...##..
.# ####....g.#.......##.<


You could see a gnoll.

Vanquished Creatures
  An adder (D:2)
  3 gnolls
  2 worms (D:2)
  7 bats
  2 giant cockroaches (D:1)
  6 goblins
  4 hobgoblins
  4 jackals
  2 frilled lizards (D:1)
  3 kobolds
  7 rats
41 creatures vanquished.

Notes
Turn   | Place    | Note
-------+----------+-------------------------------------------
     0 | D:1      | Garessta the Demonspawn Fighter began the quest for the
                  | Orb.
     0 | D:1      | Reached XP level 1. HP: 18/18 MP: 1/1
   130 | D:1      | Gained mutation: You are partially covered in icy blue
                  | scales. (AC +2) [demonic ancestry]
   130 | D:1      | Reached XP level 2. HP: 24/24 MP: 2/2
   627 | D:1      | Gained mutation: You are mostly covered in icy blue scales.
                  | (AC +3) [demonic ancestry]
   627 | D:1      | Reached XP level 3. HP: 29/29 MP: 3/3
   790 | D:2      | Found a shimmering altar of Xom.
  1247 | D:2      | Found a white marble altar of Elyvilon.
  1347 | D:2      | Found a sparkling altar of Nemelex Xobeh.
  1347 | D:2      | Found an opulent altar of Gozag.
  1371 | D:2      | Gained mutation: You have large cloven feet. [demonic
                  | ancestry]
  1371 | D:2      | Reached XP level 4. HP: 19/35 MP: 4/4
  1918 | D:2      | Slain by a gnoll

Illustrated notes

Levels and vault maps discovered:
D:1:      dpeg_arrival_refuge, layout_rooms
D:2:      layout_rooms, grunt_temple_overflow_opulence, xom_butterflies,
          lemuel_tele_altar

Skill      XL: |  1  2 |
---------------+-------+-----
Axes           | 2 |  2.5
Shields        | 3 |  3.3
Armour         | 3 |  3.2
Fighting       | |  3.5

Action                   |  1- 3 |  4- 6 || total
-------------------------+-------+-------++-------
Melee: War axe           |   115 |    15 ||   130
Throw: Boomerang         |       |     1 ||     1
Evoke: Wand              |       |     1 ||     1
  Use: Scroll            |     3 |       ||     3
  Eat: Chunk             |     2 |       ||     2
Armor: Scale mail        |    69 |     5 ||    74
Dodge: Dodged            |    50 |     4 ||    54
Block: Kite shield       |    75 |    15 ||    90
